 Dungeon Crawl Stone Soup version 0.25.1-2-g60ff931df9 (webtiles) character file.

Game seed: 9547218377799507365

9149 soggyman666 the Cleaver (level 11, 0/95 HPs)
             Began as a Minotaur Fighter on Nov 5, 2020.
             Was an Initiate of Trog.
             Slain by a queen bee (15 damage)
             ... on level 10 of the Dungeon.
             The game lasted 00:25:36 (7882 turns).

soggyman666 the Cleaver (Minotaur Fighter)          Turns: 7882, Time: 00:25:37

Health: 0/95       AC: 16    Str: 24    XL:     11   Next: 19%
Magic:  14/14      EV: 12    Int:  5    God:    Trog [......]
Gold:   747        SH: 12    Dex: 16    Spells: 10/10 levels left

rFire    . . .     SeeInvis +   a - +0 war axe
rCold    + . .     Gourm    .   c - +0 kite shield
rNeg     . . .     Faith    .   w - +3 scale mail {rC+}
rPois    .         Spirit   .   (helmet restricted)
rElec    .         Reflect  .   t - +2 cloak
rCorr    .         Harm     .   I - +0 pair of gloves
MR       .....                  (no boots)
Stlth    ..........             r - amulet of regeneration
HPRegen  0.65/turn              B - +6 ring of dexterity
MPRegen  0.14/turn              E - ring of see invisible

@: no status effects
A: retaliatory headbutt, horns 2
a: Renounce Religion


You were on level 10 of the Dungeon.
You worshipped Trog.
Trog was noncommittal.
You were hungry.

You visited 2 branches of the dungeon, and saw 11 of its levels.
You also visited: Ossuary.

You collected 747 gold pieces.

Inventory:

Hand Weapons
 a - a +0 war axe (weapon)
Armour
 c - a +0 kite shield (worn)
 t - a +2 cloak (worn)
 w - a +3 scale mail of cold resistance (worn)
 I - a +0 pair of gloves (worn)
Jewellery
 o - an uncursed ring of stealth
 r - an amulet of regeneration (around neck)
 A - an uncursed ring of positive energy
 B - a +6 ring of dexterity (left hand)
 E - a ring of see invisible (right hand)
Wands
 k - a wand of polymorph (6)
 m - a wand of acid (7)
 s - a wand of random effects (13)
 u - a wand of flame (41)
 x - a wand of paralysis (9)
 K - a wand of iceblast (27)
Scrolls
 b - a scroll of enchant weapon
 e - a scroll of fear
 g - a scroll of enchant armour
 h - 5 scrolls of remove curse
 p - 3 scrolls of teleportation
 q - 2 scrolls of fog
 v - 2 scrolls of magic mapping
 G - a scroll of blinking
Potions
 i - a potion of haste
 j - 2 potions of flight
 l - 8 potions of curing
 n - 4 potions of ambrosia
 z - 3 potions of stabbing
 C - a potion of invisibility {unknown}
 D - 3 potions of cancellation
Comestibles
 d - 2 chunks of flesh
 f - 16 rations


   Skills:
 + Level 8.3 Fighting
 + Level 12.7 Axes
 + Level 8.3 Armour
 + Level 4.3 Dodging
 + Level 9.2 Shields
 * Level 6.1 Evocations


You had 10 spell levels left.
You didn't know any spells.
Your spell library was empty.

Dungeon Overview and Level Annotations

Branches:
Dungeon (10/15)            Temple (1/1) D:7            Lair (0/6) D:8
Ossuary (visited)
    Orc: D:9-12

Altars:
Ashenzari
Cheibriados
Dithmenos
Elyvilon
Fedhas
Gozag
Hepliaklqana
Kikubaaqudgha
Makhleb
Nemelex Xobeh
Okawaru
Qazlal
Ru
Sif Muna
Trog
Uskayaw
Vehumet
Wu Jian
Xom
Yredelemnul
Zin
The Shining One
Lugonu

Shops:
D:6 %

Annotations:
D:10 exclusion: 2 oklob plants


Innate Abilities, Weirdness & Mutations

You reflexively headbutt those who attack you in melee.
You have a pair of horns on your head.


Message History

You closely miss the queen bee. The killer bee stings you!
* * * LOW HITPOINT WARNING * * *
The killer bee stings you but does no damage.
The queen bee closely misses you.
Unknown command.
Your shield and scale mail prevent you from hitting the killer bee.
The killer bee is moderately wounded.
You slash the queen bee! The killer bee barely misses you.
The queen bee calls on the killer bee to defend it!
The killer bee goes berserk!
You block the killer bee's attack.
You feel better. The killer bee stings you.
* * * LOW HITPOINT WARNING * * *
You block the killer bee's attack. You block the queen bee's attack.
The killer bee closely misses you. You furiously retaliate!
You headbutt the killer bee, but do no damage.
You slash the killer bee! You headbutt the killer bee!
You kill the killer bee!
Trog accepts your kill.
You hit the queen bee but do no damage. The queen bee stings you!
You die...

#.# #######'#### #.# ##.#
##.# ##..# #..# #..##
######.##### #####'####
...........# #........#
.........).### #........#
............y###y.......#
........y..#y.yy@.......#
.............#♣♣♣♣♣♣♣♣♣♣#
#######.####.♣♣♣♣.♣♣ #<#
#..♣♣.♣.♣♣ ♣ #.##
##♣.♣♣.♣.♣♣P♣ #yy#
♣)♣.♣♣..%$♣ ##'#
♣♣.♣♣♣♣._.♣
......yy..#♣.♣.♣ P$.♣♣
.%.yyy.y.#♣♣.♣♣♣♣♣♣♣


You could see a queen bee and 4 killer bees.

Vanquished Creatures
  Harold (D:9)
  An unseen horror (D:10)
  A troll (D:8)
  Grinder (D:4)
  Eustachio (D:4)
  A human (D:8)
  6 yaks (D:9)
  A hungry ghost (D:9)
  2 fire bats (D:6)
  Grum (D:8)
  A steam dragon (D:9)
  Edmund (D:5)
  A water moccasin (D:8)
  2 sky beasts
  A black bear (D:8)
  3 phantoms
  A hornet zombie (D:7)
  3 ice beasts
  3 necrophages
  5 ogres
  A wolf (D:8)
  A centaur (D:6)
  7 bullfrogs
  4 gnoll sergeants (D:8)
  3 scorpions
  A water moccasin skeleton (D:5)
  14 wights
  16 killer bees (D:10)
  5 howler monkeys
  2 crimson imps
  7 hounds
  8 human zombies
  A jelly (D:10)
  An orc priest (D:6)
  2 gnoll shamans (D:8)
  An orc wizard (D:6)
  A bullfrog skeleton (D:4)
  3 iguanas
  Ijyb (D:3)
  A human skeleton (D:7)
  4 worker ants
  A killer bee zombie (D:9)
  An ogre skeleton (D:7)
  2 hound skeletons
  3 mummies
  A worker ant zombie (D:7)
  17 gnolls (D:8)
  11 adders
  A shadow imp (D:6)
  An ooze (D:2)
  An adder skeleton (D:8)
  2 worms
  A dart slug (D:3)
  4 leopard geckos
  22 orcs
  6 giant cockroaches
  4 goblins
  6 hobgoblins
  11 jackals
  3 kobolds
  3 quokkas
  12 bats
  6 frilled lizards
  2 goblin zombies (Ossuary)
  10 hobgoblin zombies (Ossuary)
  3 jackal zombies (Ossuary)
  11 kobold zombies (Ossuary)
  7 orc zombies (Ossuary)
  15 rats
  2 rat zombies (Ossuary)
  A demonic plant (Temple)
291 creatures vanquished.

Notes
Turn   | Place    | Note
-------+----------+-------------------------------------------
     0 | D:1      | soggyman666 the Minotaur Fighter began the quest for the
                  | Orb.
     0 | D:1      | Reached XP level 1. HP: 19/19 MP: 0/0
    91 | D:1      | Found a shattered altar of Ashenzari.
   246 | D:1      | Reached XP level 2. HP: 27/27 MP: 1/1
   672 | D:2      | Reached skill level 3 in Axes
   672 | D:2      | Reached XP level 3. HP: 33/33 MP: 2/2
  1381 | D:3      | Found a shimmering altar of Xom.
  1383 | D:3      | Found a basalt altar of Yredelemnul.
  1412 | D:3      | Reached XP level 4. HP: 40/40 MP: 3/3
  1694 | D:3      | Noticed an ice beast
  1703 | D:3      | Killed an ice beast
  1703 | D:3      | Reached skill level 4 in Axes
  1703 | D:3      | Reached skill level 5 in Armour
  1703 | D:3      | Reached skill level 1 in Dodging
  1703 | D:3      | Reached XP level 5. HP: 38/46 MP: 4/4
  1798 | D:3      | Found a faded altar of an unknown god.
  1799 | D:3      | Noticed Ijyb
  1818 | D:3      | Killed Ijyb
  1934 | D:4      | Reached skill level 5 in Axes
  1936 | D:4      | Reached XP level 6. HP: 52/52 MP: 5/5
  1947 | D:4      | You fall into a shaft and drop 3 floors!
  2032 | D:7      | Found a stormy altar of Qazlal.
  2205 | D:7      | Found a staircase to the Ecumenical Temple.
  2221 | Temple   | Entered the Ecumenical Temple
  2404 | D:6      | Reached skill level 5 in Shields
  2406 | D:6      | Reached skill level 6 in Axes
  2415 | D:5      | Entered Level 5 of the Dungeon
  2415 | D:5      | Noticed Edmund
  2423 | D:5      | Killed Edmund
  2423 | D:5      | Reached XP level 7. HP: 45/60 MP: 6/6
  2456 | D:4      | Found a sand-covered staircase.
  2461 | Ossuary  | Entered an ossuary
  2812 | D:4      | Reached skill level 7 in Axes
  2855 | D:4      | Noticed Eustachio
  2861 | D:4      | Noticed Grinder
  2968 | D:5      | Reached skill level 5 in Fighting
  3053 | D:5      | Reached skill level 1 in Evocations
  3098 | D:5      | Reached XP level 8. HP: 65/68 MP: 7/7
  3225 | D:5      | Reached skill level 8 in Axes
  3438 | D:4      | Paralysed by Grinder for 5 turns
  3450 | D:4      | Killed Grinder
  3451 | D:4      | Killed Eustachio
  3716 | D:6      | Reached skill level 9 in Axes
  3737 | D:6      | Reached XP level 9. HP: 60/75 MP: 10/10
  3802 | D:6      | Found a transporter.
  3807 | D:6      | Found Tutsybac's Food Emporium.
  4101 | D:6      | Found a sparkling altar of Nemelex Xobeh.
  4119 | D:6      | Found a transporter.
  4545 | D:7      | Reached skill level 10 in Axes
  5184 | D:7      | Found an ancient bone altar of Kikubaaqudgha.
  5312 | D:8      | Reached skill level 11 in Axes
  5489 | D:8      | Reached XP level 10. HP: 84/84 MP: 12/12
  5924 | D:8      | Found a staircase to the Lair.
  5940 | D:8      | Reached skill level 5 in Evocations
  6069 | D:8      | Found a glowing silver altar of Zin.
  6082 | D:8      | Found a shadowy altar of Dithmenos.
  6096 | D:8      | Noticed Grum
  6104 | D:8      | Killed Grum
  6165 | D:8      | Found a sacrificial altar of Ru.
  6558 | D:9      | Found a glowing golden altar of the Shining One.
  6594 | D:9      | Found a snail-covered altar of Cheibriados.
  6697 | D:9      | Noticed Harold
  6713 | D:9      | Killed Harold
  6713 | D:9      | Reached skill level 12 in Axes
  6920 | D:9      | Found a white marble altar of Elyvilon.
  7047 | D:9      | HP: 3/88 [yak (5)]
  7183 | D:9      | Reached XP level 11. HP: 94/94 MP: 14/14
  7195 | D:9      | Found a bloodstained altar of Trog.
  7206 | D:9      | Became a worshipper of Trog the Wrathful
  7304 | D:10     | Entered Level 10 of the Dungeon
  7319 | D:10     | Found a blossoming altar of Fedhas.
  7321 | D:10     | Noticed an oklob plant
  7321 | D:10     | Noticed an oklob plant
  7676 | D:10     | Noticed an unseen horror
  7853 | D:10     | Killed an unseen horror
  7879 | D:10     | HP: 4/94 [killer bee (8)]
  7882 | D:10     | Slain by a queen bee

Illustrated notes

Levels and vault maps discovered:
D:1:      dpeg_arrival_radiant, layout_rooms, chequers_serial_rivers_room_b,
          nicolae_ashenzari_panopticon
D:2:      layout_loops_cross, first_ration, nrook_uturn
D:3:      layout_rooms, chequers_temple_overflow_statue_of_worship,
          chequers_ecumenical_altar_island, uniq_ijyb
D:4:      layout_rooms, enter_ossuary_2, uniq_eustachio, uniq_grinder
D:5:      layout_basic, uniq_edmund
D:6:      gammafunk_cloud_chamber, layout_cave_pools, serial_shops,
          nicolae_shop_trees, nemelex_diamond_rough_becter
D:7:      layout_gridville, lemuel_mausoleum_altar_kikubaaqudgha,
          nicolae_qazlal_general_emergency, minmay_temple_entry_glass,
          columned_hall_lemuel
D:8:      layout_cave_pools, lemuel_doored_altar, kennysheep_mini,
          nicolae_ru_awakened_eye, serial_gnoll_camp, gnoll_camp_huts_basic,
          grums_kennel, gnoll_camp_medium_02, gnoll_camp_mini_hut,
          gnoll_camp_mini_loothouse, grunt_pizzeria
D:9:      minmay_curly_fans, layout_cave_pools, elyvilon_altar_1, tgw_trog,
          kennysheep_little_box, lemuel_crystal_altar, dk_noncrumbling_3,
          uniq_harold
D:10:     layout_roguey [special_room_bee], hangedman_tree_tricks, minivault_1
Temple:   kb_corrupted_temple

Skill      XL: |  1  2  3  4  5  6  7  8  9 10 11 |
---------------+----------------------------------+-----
Shields        | 4 5 6 7 8 9 |  9.2
Armour         | 4 5 6 7 8 |  8.3
Axes           | 3 4 5 6 7 9 11 12 | 12.7
Fighting       | 4 5 6 8 |  8.3
Dodging        | 1 2 3 4 |  4.3
Evocations     | 1 3 4 5 6 |  6.1

Action                   |  1- 3 |  4- 6 |  7- 9 | 10-12 || total
-------------------------+-------+-------+-------+-------++-------
Melee: War axe           |   100 |    96 |   373 |   291 ||   860
       Headbutt          |    17 |    18 |    79 |    65 ||   179
  Use: Scroll            |     1 |     7 |     8 |     6 ||    22
       Potion            |       |       |     2 |     7 ||     9
  Eat: Chunk             |     2 |     2 |     8 |    11 ||    23
       Ration            |       |       |     1 |       ||     1
Armor: Scale mail        |    78 |    40 |   122 |   118 ||   358
Dodge: Dodged            |    40 |    27 |    97 |   151 ||   315
Block: Kite shield       |    59 |    44 |   201 |   212 ||   516
